 Dungeon Crawl Stone Soup version bcrawl-1.21 (webtiles) character file.

Game seed: 17858251661511322400

31 Freyura the Insei (level 3, 29/29 HPs)
             Began as a Merfolk Martial Artist on Feb 9, 2020.
             Was a Believer of Wu Jian.
             Got out of the dungeon alive.
             The game lasted 00:02:06 (1135 turns).

Freyura the Insei (Merfolk Martial Artist)          Turns: 1135, Time: 00:02:07

Health: 29/29      AC:  2    Str: 13    XL:     3   Next: 22%
Magic:  4/4        EV: 15    Int:  8    God:    Wu Jian [**....]
Gold:   42         SH:  0    Dex: 16    Spells: 3/4 levels left

rFire    . . .     SeeInvis .     - Unarmed
rCold    . . .     Gourm    .   (no shield)
rNeg     . . .     Faith    .   a - +0 robe
rPois    .         Spirit   .   (no helmet)
rElec    .         Reflect  .   (no cloak)
rCorr    .         Harm     .   (no gloves)
MR       .....                  (no boots)
Stlth    ++........             (no amulet)
HPRegen  0.09/turn              (no ring)
MPRegen  0.09/turn              (no ring)

@: no status effects
A: change form in water, swift swim, stealthy swim
a: Wall Jump, Serpent's Lash, Renounce Religion


You escaped.
You worshipped Wu Jian.
Wu Jian was pleased with you.
You were hungry.

You visited 1 branch of the dungeon, and saw 1 of its levels.

You collected 42 gold pieces.

Inventory:

Armour
 a - a +0 robe (worn)
Scrolls
 c - a scroll of teleportation {unknown}
 d - 2 scrolls of remove curse {unknown}
 f - a scroll of amnesia {unknown}
 h - 2 scrolls of magic mapping {unknown}
 j - a scroll of blinking {unknown}
 k - a scroll of enchant armour {unknown}
Potions
 b - a potion of agility
 g - a potion of haste {unknown}
 i - a potion of curing {unknown}
Comestibles
 e - a ration {!d}


   Skills:
 + Level 3.5 Fighting
 + Level 4.4 Dodging
 + Level 1.5 Stealth
 + Level 5.0 Unarmed Combat
 + Level 1.0 Spellcasting
 + Level 1.0 Hexes


You had 3 spell levels left.
You knew the following spells:

 Your Spells              Type           Power        Failure   Level  Hunger
a - Confusing Touch       Hex            #.......     26%         1    ##.....
Your spell library was empty.

Dungeon Overview and Level Annotations

Branches:
Dungeon (1/12)

Altars:


Message History

You kill the bat!
The Council accepts your kill.
No target in view!
No target in view!
i - a fuming golden potion You see here a +0 dagger.
Found a mace.
j - a scroll labeled SUCOSHR XOUPULUV You now have 42 gold pieces (gained 9).
You see here a mace.
k - a scroll labeled KADOIFR WAIST
There is an escape hatch in the floor here.
Done exploring.
Okay, then.
You are feeling hungry.
You see here a +0 club.
Your legs become a tail as you enter the water.
There is a staircase leading out of the dungeon here.
Are you sure you want to leave the Dungeon?
This will make you lose the game!
You have escaped!

.........###.#.#.....##........#
..)................#####.......#
########################.#######
#....##≈≈≈≈≈≈≈≈≈≈≈≈≈#.#
#....##≈≈≈≈≈≈≈≈≈≈≈≈≈#.#
#....##≈≈≈≈≈≈≈≈≈≈≈≈≈#.#
####....##≈≈≈≈≈≈≈≈≈≈≈≈≈#.#
.........#≈≈≈≈≈...≈≈≈≈≈#.##
#........#≈≈≈≈..@..≈≈≈≈#..#
....####.#≈≈≈≈≈...≈≈≈≈≈##.###
....####.#≈≈≈≈≈≈≈≈≈≈≈≈≈#....#
.......#.#≈≈≈≈≈≈≈≈≈≈≈≈≈#....#
.......#.#≈≈≈≈≈≈≈≈≈≈≈≈≈#....#
.........#≈≈≈≈≈≈≈≈≈≈≈≈≈##..######
..##...###≈≈≈≈≈≈≈≈≈≈≈≈≈###>..†...
.........#≈≈≈≈≈≈≈≈≈≈≈≈≈# ########
...#####.#≈≈≈≈≈≈≈≈≈≈≈≈≈#


There were no monsters in sight!

Vanquished Creatures
  An ooze (D:1)
  A dart slug (D:1)
  2 leopard geckos (D:1)
  2 ball pythons (D:1)
  A giant cockroach (D:1)
  2 goblins (D:1)
  4 jackals (D:1)
  4 bats (D:1)
  4 kobolds (D:1)
  2 rats (D:1)
23 creatures vanquished.

Notes
Turn   | Place    | Note
-------+----------+-------------------------------------------
     0 | D:1      | Freyura the Merfolk Martial Artist began the quest for the
                  | Orb.
     0 | D:1      | Reached XP level 1. HP: 18/18 MP: 2/2
   132 | D:1      | Reached XP level 2. HP: 23/24 MP: 3/3
   389 | D:1      | Reached XP level 3. HP: 29/29 MP: 4/4
   718 | D:1      | Reached ** piety under Wu Jian
   718 | D:1      | Reached skill level 5 in Unarmed Combat
  1135 | D:$      | Got out of the dungeon alive.

Skill      XL: |  1  2  3 |
---------------+----------+-----
Unarmed Combat | 5 |  5.0
Fighting       | |  3.5
Dodging        | |  4.4
Stealth        | |  1.5
Spellcasting   | |  1.0
Hexes          | |  1.0

Action                   || total
-------------------------++-------
Melee: Unarmed           ||    65
Invok: Lunge             ||    10
 Stab: Sleeping          ||     3
Armor: Robe              ||     8
Dodge: Dodged            ||    40
